 Dungeon Crawl Stone Soup version 0.31-a0-319-g4fced400ed (webtiles) character file.

Game seed: 7592131535628775790

4 mopl the Changeling (level 1, 0/14 HPs)
             Began as an Octopode Shapeshifter on July 18, 2023.
             Slain by a kobold
             ... wielding a +0 dagger of holy wrath
              (3 damage)
             ... on level 1 of the Dungeon.
             The game lasted 00:00:11 (156 turns).

mopl the Changeling (Octopode Shapeshifter)          Turns: 156, Time: 00:00:12

Health: 0/14       AC:  1    Str: 14    XL:     1   Next: 60%
Magic:  1/1        EV: 13    Int: 10    God:
Gold:   0          SH:  0    Dex: 12    Spells: 0/0 levels left

rFire   . .          .
                       - Unarmed
rCold   . . .        (no shield)
rNeg    . . .        (helmet currently unavailable)
rPois   .            (no amulet)
rElec   .            (no ring)
rCorr   .            (no ring)
SInv    .            (no ring)
Will    .....        (no ring)
Stlth   ++           (no ring)
HPRegen 0.22/turn    (no ring)
MPRegen 0.07/turn    (no ring)
                     (no ring)

%: no passive effects
@: beast-form
A: beast (slay +2), almost no armour, amphibious, 8 rings, camouflage 1,
gelatinous body 1, (nimble swimmer 1), tentacles
a: Begin Untransformation


You were on level 1 of the Dungeon.
You were a hulking beast.
You visited 1 branch of the dungeon, and saw 1 of its levels.

Inventory:

Talismans
 b - a beast talisman
Potions
 a - a potion of lignification {!q}


   Skills:
 + Level 2.0 Fighting
 + Level 2.0 Dodging
 * Level 2.1 Unarmed Combat
 * Level 3.0 Shapeshifting


You couldn't memorise any spells.
You didn't know any spells.
Your spell library was empty.

Dungeon Overview and Level Annotations

Branches:
Dungeon (1/15)

Altars:


Innate Abilities, Weirdness & Mutations

You are a hulking beast.
Your limbs bulge with bestial killing power. (Slay +2)
You cannot wear most types of armour.
You are amphibious.
You can wear up to eight rings at the same time.
Your skin changes colour to match your surroundings (Stealth+).
Your rubbery body absorbs attacks. (AC +1, EV +1)
((You are camouflaged when in or above water. (Stealth+)))
You have tentacles for arms and can constrict up to eight enemies at once.


Message History

Found a robe.
HP restored.
You see here a +0 robe.
You open the door.
A kobold comes into view. It is wielding a +0 club.
Found a stone staircase leading down.
There is an open door here.
The helpless kobold fails to defend itself.
You tentacle-slap the kobold but do no damage.
Your grab misses the kobold. The kobold barely misses you.
You tentacle-slap the kobold.
You kill the kobold!
No target in view!
You open the door.
There is an open door here.
A hobgoblin comes into view.
The hobgoblin shouts!
You hear a shout!
A hobgoblin is nearby!
A hobgoblin is nearby!
A kobold comes into view.
It is wielding a +0 dagger of holy wrath.
The hobgoblin hits you.
You closely miss the hobgoblin. Your grab misses the hobgoblin.
You squeeze the hobgoblin, but do no damage.
The hobgoblin hits you.
You are too injured to fight recklessly!
You are too injured to fight recklessly!
You are too injured to fight recklessly!
You are too injured to fight recklessly!
You are too injured to fight recklessly!
You are too injured to fight recklessly!
There are monsters nearby!
There are monsters nearby!
You tentacle-slap the hobgoblin.
You kill the hobgoblin!
The kobold hits you with a +0 dagger of holy wrath.
* * * LOW HITPOINT WARNING * * *
You tentacle-slap the kobold. Your grab misses the kobold.
The kobold is severely wounded.
The kobold hits you with a +0 dagger of holy wrath.
You die...

#.# #.# #.# #.# #.# #.#
#.####.###########
#.........hK...... #.#
#####..################
#.# ##....##
#.........# #.# #..####
#.#######.# #.# #.##
#.# #.# #.#####.# #.#
#.# #.#...#.### #.# #.#
......'...# #.# #.#
#.....###.#########.#
#.#


You could see a kobold.

Vanquished Creatures
  An endoplasm (D:1)
  A hobgoblin (D:1)
  A kobold (D:1)
3 creatures vanquished.

Notes
Turn   | Place    | Note
-------+----------+-------------------------------------------
     0 | D:1      | mopl the Octopode Shapeshifter began the quest for the Orb.
     0 | D:1      | Reached XP level 1. HP: 14/14 MP: 1/1
   156 | D:1      | Slain by a kobold

Illustrated notes

Levels and vault maps discovered:
D:1:      dpeg_arrival_court, layout_basic, minmay_misc_feat_ornament

Action                     || total
---------------------------++-------
  Melee: Unarmed           ||     8
         Tentacles         ||     1
   Stab: Sleeping          ||     1
 Armour: Skin              ||     1
  Dodge: Dodged            ||     1

Table legend: (Time is in decaauts)
 A = Elapsed time spent in this place.
 B = Non-inter-level travel time spent in this place.
 C = Inter-level travel time spent in this place.
 D = Time resting spent in this place.
 E = Time spent auto-exploring this place.
 F = Levels seen in this place.
 G = Mean time per level.
                   A        B        C        D        E       F      G
               +--------+--------+--------+--------+--------+-----+--------+
         Total |    155 |    155 |      0 |      0 |    138 |   1 |  155.0 |
       Dungeon |    155 |    155 |      0 |      0 |    138 |   1 |  155.0 |
               +--------+--------+--------+--------+--------+-----+--------+

Top non-repeatable levels by time:
     D:1: 155 daAuts
